AoeStats
← Fazzz7z

Arabia

506828822Analyzed
2v2 RM · 17d ago on Sep 15, 2026· 17m 37s· 4 players
Game mode
Random Map
Map size
Medium (4 player)
Population
200
Speed
Normal
Resources
Standard
Victory
Conquest
Starting age
Dark Age
Ending age
Imperial Age
RankedLock teamsTeams togetherTeam positionsShared explorationLock speedFull tech treeHidden civsTurbo modeCheats
Victory
Defeat
🇧🇾 Magyars · Belarus
1723
+7
🇮🇱 Ethiopians · Israel
1655
+9
🇧🇷 Ethiopians · Brazil
1566
-10
🇬🇧 Franks · United Kingdom
1416
-6
Mø
6:48 Loom
9:49 Feudal Age
10:17 Double-Bit Axe
14:07 Fletching
17:57 Padded Archer Armor
Oni.Vinchester
9:09 Feudal Age
9:03 Loom
9:53 Double-Bit Axe
13:34 Horse Collar
Voxer El Brazilian
6:41 Loom
8:55 Feudal Age
9:35 Double-Bit Axe
15:32 Fletching
Fazzz7z
7:03 Loom
9:10 Feudal Age
9:54 Double-Bit Axe
Connection lost

Rejoining the realm…

Still unreachable

The connection could not be restored.

Session expired

The server has moved on; the page needs a fresh start.